 Dungeon Crawl Stone Soup version 0.28-a0-476-g0f06bd746f (webtiles) character file.

Game seed: 12930416363759980425

113 spiderkeys the Skirmisher (level 4, -3/33 HPs)
             Began as an Octopode Abyssal Knight on Sept 17, 2021.
             Was a Follower of Lugonu.
             Slain by Sigmund (4 damage)
             ... on level 2 of the Dungeon.
             The game lasted 00:03:20 (2127 turns).

spiderkeys the Skirmisher (Octopode Abyssal Knight) Turns: 2127, Time: 00:03:21

Health: -3/33      AC:  1    Str: 14    XL:     4   Next: 96%
Magic:  6/6        EV: 13    Int: 14    God:    Lugonu [*.....]
Gold:   41         SH:  0    Dex: 11    Spells: 3/3 levels left

rFire   + + .      SeeInvis .   a - +2 spear
rCold   + . .      Faith    .   (no shield)
rNeg    . . .      Spirit   .   (helmet restricted)
rPois   +          Reflect  .   (no amulet)
rElec   +          Harm     .   (no ring)
rCorr   +          Rampage  .   (no ring)
Will    .....                   (no ring)
Stlth   +++.......              (no ring)
HPRegen 0.11/turn               (no ring)
MPRegen 0.10/turn               (no ring)
                                (no ring)
                                (no ring)

@: mighty, resistant
A: almost no armour, amphibious, 8 rings, camouflage 1, gelatinous body 1,
(nimble swimmer 1), tentacles, fire resistance 1, sense surroundings 1, strong 1
a: Renounce Religion, Depart the Abyss


You were on level 2 of the Dungeon.
You worshipped Lugonu.
Lugonu was aware of your devotion.
You visited 1 branch of the dungeon, and saw 2 of its levels.
You visited the Abyss 1 time.

You collected 41 gold pieces.


Innate Abilities, Weirdness & Mutations

You cannot wear most types of armour.
You are amphibious.
You can wear up to eight rings at the same time.
Your skin changes colour to match your surroundings (Stealth+).
Your rubbery body absorbs attacks. (AC +1, EV +1)
((You are camouflaged near water. (Stealth+)))
You have tentacles for arms and can constrict up to eight enemies at once.
Your flesh is heat resistant. (rF+)
You passively map a small area around you.
Your muscles are strong. (Str +2)


   Skills:
 + Level 3.7 Fighting
 + Level 2.7 Polearms
 + Level 3.1 Dodging
 + Level 2.4 Stealth
 + Level 2.8 Invocations


You had 3 spell levels left.
You didn't know any spells.
Your spell library contained the following spells:

 Spells                   Type           Power      Damage    Failure   Level
 Corpse Rot               Necr/Air       N/A        N/A       41%         2
 Poisonous Vapours        Pois/Air       0%         N/A       41%         2

Inventory:

Hand Weapons
 a - a +2 spear (weapon)
Missiles
 g - 47 bolts
 h - 127 stones
Magical Staves
 d - a staff of cold {!a}
   (You found it on level 2 of the Abyss)
 f - a staff of air {!a}
   (You found it on level 1 of the Dungeon)
Scrolls
 i - a scroll of immolation {!r!r}
 l - a scroll of identify {@r1}
Potions
 b - a potion of might
 e - a potion of degeneration {unknown}
 j - a potion of flight {unknown}
 k - a potion of curing {@q1}

Dungeon Overview and Level Annotations

Branches:
Dungeon (2/15)

Altars:
Trog

Annotations:
D:2 Natasha, Sigmund

, , #.###..###.#..#.###
,
.#####..................
.......###..###.##.#..#.
.......###..###.##....#.
.......##....##.......#.
#..... #....######.#...
, , #.....
#....+.....)....
##....h##....######.###.
......{@..............#.
.....###.#.#.####.....#.
, ... ,,#.#.#.# #.....#.
* , ., #.#.#.# #.......
* , #J#.#.# #....... , ,
#...# #....... ,###.#,
###..... .. ,, #..... ,
, *#...).


You could see Natasha and an endoplasm.


Message History

You kill the worm!
Lugonu accepts your kill.
No target in view!
No target in view!
l - a scroll labelled PUXZABB LOPUWN
As you read the scroll labelled PUXZABB LOPUWN, it crumbles to dust.
It is a scroll of amnesia.
You feel forgetful for a moment.
Found a bloodstained altar of Trog.
No target in view!
No target in view!
No target in view!
h - 117 stones (gained 20) Natasha, Servant of Life and Death comes into view.
Natasha hisses angrily.
Natasha casts a spell at you. The magic dart hits you. 😕 HP[-5]
You take 5 damage, and now have 27/32 hp.
You reach to attack!
You hit Natasha. You barely miss Natasha. Your grab misses Natasha.
Your squeeze misses Natasha. Natasha closely misses you.
You closely miss Natasha. You grab Natasha. You constrict Natasha.
Natasha misses you.
You hit Natasha. You squeeze Natasha. You constrict Natasha.
Natasha claws you. 😮 HP[-3]
You take 3 damage, and now have 24/32 hp.
You are too injured to fight recklessly!
You are too injured to fight recklessly!
You are too injured to fight recklessly!
You are too injured to fight recklessly!
You hit Natasha.
You kill Natasha!
Lugonu accepts your kill.
Natasha screams in pain as she dies! 😕 HP[+1]
You now have 33 max hp (+1).
Key pressed, stopping explore.
Key pressed, stopping explore.
A hobgoblin comes into view. 😎 HP[+8]
Your hp is fully restored (33).
A hobgoblin is nearby!
You reach to attack!
You hit the hobgoblin. You hit the hobgoblin.
You kill the hobgoblin!
Lugonu accepts your kill.
No target in view!
No target in view!
You see here a hobgoblin corpse.
A ball python comes into view.
A ball python is nearby!
A ball python is nearby!
A ball python is nearby!
The ball python hisses angrily.
You hit the ball python.
You kill the ball python!
Lugonu accepts your kill.
No target in view!
No target in view!
You see here a ball python corpse.
h - 127 stones (gained 10) Key pressed, stopping explore.
Found a stone staircase leading up.
You see here a ball python corpse.
You see here a hobgoblin corpse.
You see here a scroll of amnesia.
l - a scroll of identify {@r1} Key pressed, stopping explore.
Sigmund and Natasha come into view.
Sigmund shouts!
You aren't carrying any items that you can evoke.
You feel very mighty all of a sudden.
It was a potion of resistance.
You feel protected. Sigmund gestures at you while chanting.
The magic dart hits you! 😕 HP[-8]
You take 8 damage, and now have 25/33 hp.
MASSIVE DAMAGE!! (PAUSE) Sigmund casts a spell.
Sigmund flickers and vanishes!
Deactivating autopickup; reactivate with Ctrl-A.
Something hits you! 😮 HP[-8]
You take 8 damage, and now have 17/33 hp.
MASSIVE DAMAGE!! (PAUSE)
You barely miss something.
An endoplasm comes into view.
The endoplasm quivers.
You puncture something! Something hits you!
* * * LOW HITPOINT WARNING * * *
Natasha barely misses you. 😨 HP[-8]
You take 8 damage, and now have 9/33 hp.
MASSIVE DAMAGE!! (PAUSE)
You closely miss something. Natasha claws you!
* * * LOW HITPOINT WARNING * * *
Something hits you.
You die...

Skill      XL: |  1  2  3  4 |
---------------+-------------+-----
Stealth        | 1 2 |  2.4
Dodging        | 3 |  3.1
Fighting       | |  3.7
Polearms       | |  2.7
Invocations    | |  2.8

Action                   |  1- 3 |  4- 6 || total
-------------------------+-------+-------++-------
Melee: Spear             |    52 |    37 ||    89
       Constrict         |    11 |    11 ||    22
       Tentacles         |     2 |     7 ||     9
Invok: Depart the Abyss  |     1 |       ||     1
  Use: Scroll            |     5 |     1 ||     6
       Potion            |     2 |     2 ||     4
 Stab: Sleeping          |    10 |     1 ||    11
       Distracted        |     1 |       ||     1
Armor: Skin              |       |     3 ||     3
Dodge: Dodged            |    13 |    19 ||    32

Levels and vault maps discovered:
D:1:      nicolae_arrival_washed_ashore, layout_basic
D:2:      layout_basic, basic_altar, uniq_sigmund, uniq_natasha

Notes
Turn   | Place    | Note
-------+----------+-------------------------------------------
     0 | Abyss:1  | spiderkeys the Octopode Abyssal Knight began the quest for
                  | the Orb.
     0 | Abyss:1  | Reached XP level 1. HP: 16/16 MP: 2/2
     0 | Abyss:1  | magus.rc [v1.9.10]
    48 | Abyss:1  | Gained mutation: Your flesh is heat resistant. (rF+)
                  | [potion of mutation]
    48 | Abyss:1  | Gained mutation: Your muscles are strong. (Str +2) [potion
                  | of mutation]
    48 | Abyss:1  | Gained mutation: You passively map a small area around you.
                  | [potion of mutation]
    78 | Abyss:1  | Noticed a smoke demon
    78 | Abyss:1  | Noticed a neqoxec
    99 | Abyss:1  | Noticed a smoke demon
   160 | Abyss:2  | Noticed a large abomination
   184 | D:1      | You pass through the gate.
   184 | D:1      | Escaped the Abyss
   440 | D:1      | You pick up a book of Vapours and begin reading...
   440 | D:1      | You add the spells Poisonous Vapours and Corpse Rot to your
                  | library.
   468 | D:1      | Reached XP level 2. HP: 21/21 MP: 3/3
   597 | D:1      | Reached * piety under Lugonu
   598 | D:1      | Reached skill level 1 in Stealth
  1179 | D:2      | Reached XP level 3. HP: 18/26 MP: 4/4
  1221 | D:2      | HP: 4/26 [poisoned by an adder]
  1483 | D:2      | Reached skill level 2 in Stealth
  1483 | D:2      | Reached XP level 4. HP: 31/31 MP: 5/5
  1724 | D:2      | Reached skill level 3 in Dodging
  1793 | D:2      | Found a bloodstained altar of Trog.
  1801 | D:2      | Noticed Natasha
  1810 | D:2      | Killed Natasha
  2119 | D:2      | Noticed Sigmund
  2119 | D:2      | Noticed Natasha
  2127 | D:2      | HP: 1/33 [Natasha (8)]
  2127 | D:2      | Slain by Sigmund

Vanquished Creatures
  Natasha (D:2)
  5 adders (D:2)
  A worm (D:2)
  3 dart slugs
  4 orcs (D:2)
  2 bats (D:2)
  2 endoplasms (D:1)
  4 goblins
  2 hobgoblins
  5 kobolds
  3 ball pythons (D:2)
  4 frilled lizards
  A rat (D:1)
37 creatures vanquished.

Table legend:
 A = Non-vault XP
 B = Vault XP
 C = Vault XP percentage of total XP
 D = Non-vault monster count
 E = Vault monster count
 F = Vault count percentage of total count
                 A         B        C        D         E       F
            +---------+---------+-------+---------+---------+-------
      Total |     129 |      33 |  20.4 |      36 |       1 |   2.7
            +---------+---------+-------+---------+---------+-------
        D:1 |      27 |       0 |   0.0 |      14 |       0 |   0.0
        D:2 |     102 |      33 |  24.4 |      22 |       1 |   4.3
            +---------+---------+-------+---------+---------+-------

Illustrated notes

Table legend:
 A = Kills in this place as a percentage of kills in entire the game.
 B = Kills by you in this place as a percentage of kills by you in the entire game.
 C = Kills by friends in this place as a percentage of kills by friends in the entire game.
 D = Other kills in this place as a percentage of other kills in the entire game.
 E = Experience gained in this place as a percentage of experience gained in the entire game.
 F = Experience gained in this place divided by the number of levels of this place that you have seen.
                   A       B       C       D       E      F
               +-------+-------+-------+-------+-------+----------------------
         Total | 100.0 | 100.0 |   N/A |   N/A | 100.0 |  40.5
       Dungeon | 100.0 | 100.0 |   N/A |   N/A | 100.0 |  81.0
               +-------+-------+-------+-------+-------+----------------------

Table legend: (Time is in decaauts)
 A = Elapsed time spent in this place.
 B = Non-inter-level travel time spent in this place.
 C = Inter-level travel time spent in this place.
 D = Time resting spent in this place.
 E = Time spent auto-exploring this place.
 F = Levels seen in this place.
 G = Mean time per level.
                   A        B        C        D        E       F      G
               +--------+--------+--------+--------+--------+-----+--------+
         Total |   2125 |   2098 |     27 |      0 |   1727 |   4 |  531.2 |
       Dungeon |   1941 |   1914 |     27 |      0 |   1653 |   2 |  970.5 |
         Abyss |    183 |    183 |      0 |      0 |     74 |   2 |   91.5 |
               +--------+--------+--------+--------+--------+-----+--------+

Top non-repeatable levels by time:
     D:1: 980 daAuts
     D:2: 960 daAuts
 Abyss:1: 119 daAuts
 Abyss:2: 64 daAuts
